 Dungeon Crawl Stone Soup version 0.29-a0-422-gafbd6decc1 (webtiles) character file.

Game seed: 17230450848942791023

71 snarfax the Chopper (level 4, -4/39 HPs)
             Began as a Hill Orc Abyssal Knight on May 18, 2022.
             Was a Believer of Lugonu.
             Killed by divine providence
             ... invoked by an orc priest
              (14 damage)
             ... on level 3 of the Dungeon.
             The game lasted 00:05:59 (2550 turns).

snarfax the Chopper (Hill Orc Abyssal Knight)       Turns: 2550, Time: 00:06:00

Health: -4/39      AC:  6    Str: 17    XL:     4   Next: 24%
Magic:  5/5        EV:  9    Int: 10    God:    Lugonu [**....]
Gold:   1075       SH:  3    Dex: 11    Spells: 3/3 levels left

rFire   . . .      SeeInvis .   a - +1 hand axe
rCold   . . .      Faith    .   m - +0 buckler
rNeg    . . .      Spirit   .   f - +0 scale mail
rPois   .          Reflect  .   (no helmet)
rElec   .          Harm     .   (no cloak)
rCorr   .          Rampage  .   (no gloves)
Will    .....                   (no boots)
Stlth   ..........              (no amulet)
HPRegen 0.13/turn               (no ring)
MPRegen 0.09/turn               (no ring)

@: no status effects
A: no striking features
a: Renounce Religion, Convert to Beogh, Depart the Abyss, Bend Space


You were on level 3 of the Dungeon.
You worshipped Lugonu.
Lugonu was pleased with you.
You visited 1 branch of the dungeon, and saw 3 of its levels.
You visited the Abyss 1 time.

You collected 1185 gold pieces.
You spent 110 gold pieces at shops.

Inventory:

Hand Weapons
 a - a +1 hand axe (weapon)
Missiles
 i - a throwing net (quivered)
Armour
 b - a +0 leather armour
 f - a +0 scale mail (worn)
 k - a +0 plate armour
 m - a +0 buckler (worn)
Scrolls
 c - 3 scrolls of identify
 d - a scroll of enchant weapon {unknown}
 e - 2 scrolls of magic mapping
 j - 2 scrolls of blinking
 n - a scroll of fear {unknown}
Potions
 g - 2 potions of might
 h - a potion of curing
 l - 2 potions of resistance {unknown}
 o - a potion of degeneration {unknown}


   Skills:
 - Level 3.6 Fighting
 + Level 5.8 Axes
 - Level 2.1 Armour
 - Level 0.7 Dodging
 - Level 2.4 Invocations


You had 3 spell levels left.
You didn't know any spells.
Your spell library was empty.

Dungeon Overview and Level Annotations

Branches:
Dungeon (3/15)

Altars:

Shops:
D:2 ?


Message History

The orc closely misses you.
You hit the orc.
The orc is severely wounded.
The orc hits you with a +0 flail.
Okay, then.
You hit the orc.
You kill the orc!
Lugonu accepts your kill.
The orc priest begins to cast a cantrip, but forgets the words!
You barely miss the orc priest.
The orc priest calls down the wrath of Beogh upon you.
Beogh smites you!
You slash the orc priest!
The orc priest is severely wounded.
The orc priest looks braver for a moment.
The orc priest miscasts a cantrip.
You closely miss the orc priest.
The orc priest is severely wounded.
The orc priest hits you but does no damage.
The orc priest shouts, "Beogh is our master!
Accept the truth or die!"
You hit the orc priest.
The orc priest is almost dead.
The orc priest hits you with a +0 falchion!
You closely miss the orc priest.
The orc priest is almost dead.
The orc priest calls upon Beogh to heal the orc priest.
The orc priest is healed somewhat.
The orc priest closely misses you.
The orc priest shouts, "Join the one true god or die!"
You hit the orc priest.
The orc priest is severely wounded.
The orc priest calls down the wrath of Beogh upon you.
Beogh smites you!
* * * LOW HITPOINT WARNING * * *
You completely miss the orc priest.
The orc priest is severely wounded.
The orc priest barely misses you.
You feel better.
The orc priest invokes the aid of Beogh against you.
Beogh smites you!
You die... ..<..#.#.......#⌠ ... .....# .......#.......# oo.o

....#
.......#.......#
.#...#...#
......###......##
.o.o.....# #######
#.......#########o.#
####
#.....#.......o....#
...#
#..#####o...o..o...#
...# ##.##
#o########### ...#
#..# #@# ...# ##.##
#.# ...#
##..###.##### ...#
#...........# ####
#...........#
#...........#
#...........#
####..#.##### ...#.#


You could see 2 orc priests.

Vanquished Creatures
  An ufetubus (D:3)
  2 worms (D:2)
  3 dart slugs (D:1)
  4 orcs
  5 ball pythons
  2 bats
  6 endoplasms
  A giant cockroach (D:2)
  2 goblins (D:1)
  5 hobgoblins
  4 quokkas
  4 kobolds
  6 rats
45 creatures vanquished.

Notes
Turn   | Place    | Note
-------+----------+-------------------------------------------
     0 | Abyss:1  | snarfax the Hill Orc Abyssal Knight began the quest for the
                  | Orb.
     0 | Abyss:1  | Reached XP level 1. HP: 19/19 MP: 2/2
    39 | Abyss:1  | Noticed a quasit
    40 | D:1      | Escaped the Abyss
   193 | D:1      | Reached skill level 3 in Axes
   443 | D:1      | Reached XP level 2. HP: 26/26 MP: 3/3
   616 | D:1      | Reached skill level 4 in Axes
   783 | D:1      | Reached XP level 3. HP: 30/31 MP: 4/4
  1064 | D:1      | Identified a scroll of acquirement
  1064 | D:1      | Acquired 1105 gold pieces
  1282 | D:2      | Reached skill level 5 in Axes
  1609 | D:2      | Found Suqo Gaolem's Magic Scroll Emporium.
  1615 | D:2      | Bought a scroll of magic mapping for 35 gold pieces
  1615 | D:2      | Bought a scroll of blinking for 75 gold pieces
  2285 | D:3      | Reached XP level 4. HP: 36/39 MP: 5/5
  2550 | D:3      | Killed from afar by an orc priest

Illustrated notes

Levels and vault maps discovered:
D:1:      dpeg_arrival_round_a, layout_basic, st_stairs_1, minivault_14,
          minivault_23
D:2:      layout_basic, serial_shops, shop
D:3:      cheibrodos_pilgrimage, layout_basic, general_overflow_altar

Skill      XL: |  1  2  3 |
---------------+----------+-----
Axes           | 3 4 5 |  5.8
Fighting       | |  3.6
Armour         | |  2.1
Dodging        | |  0.7
Invocations    | |  2.4

Action                   |  1- 3 |  4- 6 || total
-------------------------+-------+-------++-------
Melee: Hand axe          |   122 |    27 ||   149
       Punch             |     1 |       ||     1
Invok: Depart the Abyss  |     1 |       ||     1
  Use: Scroll            |     5 |       ||     5
       Potion            |       |     1 ||     1
Armor: Scale mail        |    38 |     8 ||    46
Dodge: Dodged            |    39 |    12 ||    51
Block: Buckler           |     2 |     3 ||     5

Table legend: (Time is in decaauts)
 A = Elapsed time spent in this place.
 B = Non-inter-level travel time spent in this place.
 C = Inter-level travel time spent in this place.
 D = Time resting spent in this place.
 E = Time spent auto-exploring this place.
 F = Levels seen in this place.
 G = Mean time per level.
                   A        B        C        D        E       F      G
               +--------+--------+--------+--------+--------+-----+--------+
         Total |   2561 |   2500 |     61 |      0 |   2127 |   4 |  640.2 |
       Dungeon |   2521 |   2460 |     61 |      0 |   2089 |   3 |  840.3 |
         Abyss |     40 |     40 |      0 |      0 |     38 |   1 |   40.0 |
               +--------+--------+--------+--------+--------+-----+--------+

Top non-repeatable levels by time:
     D:1: 1071 daAuts
     D:2: 974 daAuts
     D:3: 475 daAuts
 Abyss:1: 40 daAuts
